 Dungeon Crawl Stone Soup version 0.19-a0-1772-g09c4438 (webtiles) character file.

2 rageheart7 the Twirler (level 1, -1/16 HPs)
             Began as a Human Wanderer on Oct 4, 2016.
             Slain by a kobold (3 damage)
             ... on level 1 of the Dungeon.
             The game lasted 00:00:27 (70 turns).

rageheart7 the Twirler (Human Wanderer)               Turns: 70, Time: 00:00:28

Health: -1/16      AC:  2    Str: 14    XL:     1   Next: 44%
Magic:  0/2        EV: 11    Int: 11    God:
Gold:   0          SH:  0    Dex: 11    Spells: 1 memorised, 1 level left

rFire  . . .     SeeInvis .     a - +2 quarterstaff
rCold  . . .     Gourm    .     d - +0 robe
rNeg   . . .     Faith    .     (shield currently unavailable)
rPois  .         Spirit   .     (no helmet)
rElec  .         Dismiss  .     (no cloak)
rCorr  .         Reflect  .     (no gloves)
MR     .....     Harm     .     (no boots)
Stlth  +.........               (no amulet)
                                (no ring)
                                (no ring)

@: very slightly contaminated
A: no striking features
a: no special abilities


You were on level 1 of the Dungeon.
You were not hungry.

You visited 1 branch of the dungeon, and saw 1 of its levels.

Inventory:

Hand Weapons
 a - a +2 quarterstaff (weapon)
Armour
 d - a +0 robe (worn)
Scrolls
 g - a scroll of noise {unknown}
Potions
 b - a potion of curing
 e - a potion of brilliance {unknown}
Books
 c - Porur's Handbook of Snow

   Spells                             Type                      Level
   a - Freeze                         Ice                          1
   b - Ozocubu's Armour               Charms/Ice                   3
Comestibles
 f - a bread ration


   Skills:
 - Level 2.0 Fighting
 * Level 2.2 Staves
 - Level 1.0 Throwing
 - Level 1.0 Stealth
 - Level 1.0 Spellcasting
   Level 1.0 Hexes
 - Level 1.0 Ice Magic
   Level 1.0 Evocations


You had one spell level left.
You knew the following spells:

 Your Spells              Type           Power        Failure   Level  Hunger
a - Freeze                Ice            #...         24%         1    ##.....


Dungeon Overview and Level Annotations

Branches:
Dungeon (1/15)

Altars:


Message History

Aim: a leopard gecko (clinging)
You freeze the leopard gecko.
The leopard gecko seems to slow down.
The leopard gecko is moderately wounded.
You completely miss the leopard gecko.
The leopard gecko is moderately wounded.
The leopard gecko barely misses you.
You closely miss the leopard gecko.
The leopard gecko is moderately wounded.
The leopard gecko is no longer moving slowly.
The leopard gecko barely misses you.
You barely miss the leopard gecko.
The leopard gecko is moderately wounded.
The leopard gecko bites you but does no damage.
The leopard gecko closely misses you.
You sock the leopard gecko!
You kill the leopard gecko!
You closely miss the kobold. The kobold hits you.
* * * LOW HITPOINT WARNING * * *
You barely miss the kobold. The kobold hits you.
You die...

#...##### +# ###..#....#
...#....#....##
............. #.........#
#.........# #.....###.#
#####..##.# ##K##@# #l.#K#
. ####.#.###(..
###.............
.......#..################
..........##n#M#K#c#V#e#p#
........#.################
.......##..'..............
######. #.################


You could see a kobold.

Vanquished Creatures
  A leopard gecko (D:1)
  A frilled lizard (D:1)
2 creatures vanquished.

Notes
Turn   | Place    | Note
-------+----------+-------------------------------------------
     0 | D:1      | rageheart7 the Human Wanderer began the quest for the Orb.
     0 | D:1      | rageheart7 set off with: a +2 quarterstaff, a potion of curing, Porur's Handbook of Snow, a +0 robe, a bread ration
     0 | D:1      | Reached XP level 1. HP: 16/16 MP: 2/2
     0 | D:1      | Identified Porur's Handbook of Snow
     2 | D:1      | Learned a level 1 spell: Freeze
     4 | D:1      | Noticed a spriggan
     4 | D:1      | Noticed a naga
     6 | D:1      | Noticed a demonspawn
     6 | D:1      | Noticed a gargoyle
     9 | D:1      | Noticed a merfolk
     9 | D:1      | Noticed a vine stalker
    11 | D:1      | Noticed a formicid
    11 | D:1      | Noticed an octopode
    13 | D:1      | Noticed a troll
    13 | D:1      | Noticed an ogre
    15 | D:1      | Noticed a dwarf
    15 | D:1      | Noticed a tengu
    17 | D:1      | Noticed a halfling
    19 | D:1      | Noticed an elf
    19 | D:1      | Noticed a felid
    21 | D:1      | Noticed a vampire
    21 | D:1      | Noticed a demigod
    23 | D:1      | Noticed a centaur
    23 | D:1      | Noticed a human
    28 | D:1      | Noticed a minotaur
    30 | D:1      | Noticed a ghoul
    30 | D:1      | Noticed a draconian
    70 | D:1      | Slain by a kobold

Vault maps used:
D:1:      kb_arrival_jail

Action                   || total
-------------------------++-------
Melee: Quarterstaff      ||    14
 Cast: Freeze            ||     1
Armor: Robe              ||     3
Dodge: Dodged            ||    10
